 Dungeon Crawl Stone Soup version 0.24.0-37-gcf1ca852f1 (webtiles) character file.

Game seed: 12249332440046971208, levelgen mode: deterministic

329 FishyPogo the Stinger (level 6, 0/47 HPs)
             Began as a Merfolk Venom Mage on Dec 7, 2019.
             Was an Initiate of Elyvilon.
             Slain by a scorpion (9 damage)
             ... on level 4 of the Dungeon.
             The game lasted 00:16:46 (2702 turns).

FishyPogo the Stinger (Merfolk Venom Mage)          Turns: 2702, Time: 00:16:48

Health: 0/47       AC:  6    Str:  8    XL:     6   Next: 51%
Magic:  6/10       EV: 17    Int: 16    God:    Elyvilon [......]
Gold:   98         SH:  0    Dex: 15    Spells: 5/11 levels left

rFire    . . .     SeeInvis .   n - +0 dagger
rCold    . . .     Gourm    .   (no shield)
rNeg     . . .     Faith    .   a - +0 robe
rPois    .         Spirit   .   (no helmet)
rElec    .         Reflect  .   (no cloak)
rCorr    .         Harm     .   k - +2 pair of gloves
MR       .....                  t - +0 pair of boots
Stlth    ++........             (no amulet)
HPRegen  0.15/turn              g - -2 ring of evasion (curse)
MPRegen  0.12/turn              j - +5 ring of evasion (curse)

@: lethally poisoned (0 -> -8)
A: change form in water, swift swim, stealthy swim
a: Renounce Religion


You were on level 4 of the Dungeon.
You worshipped Elyvilon.
Elyvilon was noncommittal.
You were not hungry.

You visited 1 branch of the dungeon, and saw 4 of its levels.

You collected 98 gold pieces.

Inventory:

Hand Weapons
 n - a +0 dagger (weapon)
Missiles
 d - 11 javelins (quivered)
 e - 21 poisoned darts
 h - 118 stones
Armour
 a - a +0 robe (worn)
 k - a +2 pair of gloves (worn)
 t - a +0 pair of boots (worn)
Jewellery
 f - an uncursed ring of magical power {unknown}
 g - a cursed -2 ring of evasion (left hand)
 j - a cursed +5 ring of evasion (right hand)
 o - an uncursed ring of see invisible
 u - an uncursed ring of resist corrosion {unknown}
Wands
 b - a wand of clouds (4)
 s - a wand of paralysis (5)
Scrolls
 l - 2 scrolls of identify
Potions
 w - a potion of magic
Comestibles
 c - 5 rations


   Skills:
 - Level 3.2 Fighting
 + Level 3.9 Dodging
 - Level 2.1 Stealth
 + Level 3.1 Spellcasting
 - Level 2.0 Conjurations
 * Level 5.1 Poison Magic


You had 5 spell levels left.
You knew the following spells:

 Your Spells              Type           Power        Failure   Level  Hunger
a - Sting                 Conj/Pois      ##..         4%          1    None
b - Poisonous Vapours     Pois/Air       ##....       10%         2    ##.....
c - Mephitic Cloud        Conj/Pois/Air  ##......     22%         3    ###....

Your spell library contained the following spells:

 Spells                   Type           Power        Failure   Level  Hunger
 Olgreb's Toxic Radiance  Pois           ###.....     22%         4    ####...
 Venom Bolt               Conj/Pois      ##........   75%         5    ######.


Dungeon Overview and Level Annotations

Branches:
Dungeon (4/15)
 Temple: D:4-7

Altars:
Elyvilon
Ru

Annotations:
D:3 2 transporters, larifari's ghost, novice MiGl


Message History

Poisonous vapours surround the frilled lizard!
The scorpion stings you.
You are poisoned.
The scorpion poisons you!
The frilled lizard is engulfed in poison gas.
The frilled lizard is poisoned.
You kill the frilled lizard!
Casting: Poisonous Vapours (safe; 10% risk of failure)
Confirm with . or Enter, or press ? or * to list all spells.
Aiming: Poisonous Vapours (safe; 10% risk of failure)
Press: ? - help, Dir - move target cursor, f - scorpion
Aim: a scorpion Poisonous vapours surround the scorpion!
You feel sick.
The worker ant waves its antennae.
The worker ant bites you!
* * * LOW HITPOINT WARNING * * *
The scorpion is engulfed in poison gas.
The scorpion is poisoned.
The scorpion stings you!
You die...

...♣##..#.#......#####,*
....♣#................,*
....♣#..##.......#####**
....♣##.#.......##
.....♣#..#....###
.....♣#...)...### *##
.....♣#.....(...#####*#.# ***
.....♣#....##....##.##..##** *,**
....♣##..#......@a..#..#.#.***,,*
....♣*...#...#..#s.........,*,,,*
...♣#*.......#.##..........,*,,**
..♣♣*......................,,,,,,
♣♣###.......$#.............,,,,>,
###...#..#...##....%.......,,,,,,
#.....#.##..,#.............,,,,,,
..................%........,,,,,,
..........,$............###*,,,,,


You could see a scorpion and a worker ant.

Vanquished Creatures
  A phantom (D:4)
  An ogre (D:4)
  An iguana (D:4)
  A worker ant (D:4)
  5 adders
  A shadow imp (D:3)
  2 worms (D:2)
  3 dart slugs
  9 leopard geckos
  A ball python (D:1)
  7 bats
  5 giant cockroaches
  7 goblins
  9 hobgoblins
  11 kobolds
  5 frilled lizards
  8 rats
77 creatures vanquished.

Notes
Turn   | Place    | Note
-------+----------+-------------------------------------------
     0 | D:1      | FishyPogo the Merfolk Venom Mage began the quest for the
                  | Orb.
     0 | D:1      | Reached XP level 1. HP: 13/13 MP: 3/3
   122 | D:1      | Reached skill level 1 in Conjurations
   122 | D:1      | Reached XP level 2. HP: 17/19 MP: 0/5
   126 | D:1      | Learned a level 2 spell: Poisonous Vapours
   441 | D:1      | Reached XP level 3. HP: 24/24 MP: 3/6
   446 | D:1      | Learned a level 3 spell: Mephitic Cloud
   598 | D:1      | Reached skill level 4 in Poison Magic
   843 | D:2      | Found a sacrificial altar of Ru.
   947 | D:2      | Reached skill level 1 in Fighting
  1029 | D:2      | Reached XP level 4. HP: 30/32 MP: 1/7
  1696 | D:3      | Noticed larifari's ghost (novice MiGl)
  1697 | D:3      | Found a transporter.
  1707 | D:3      | Found a transporter.
  1800 | D:3      | Reached XP level 5. HP: 23/38 MP: 0/8
  2402 | D:4      | Noticed a phantom
  2411 | D:4      | Noticed an ogre
  2439 | D:4      | Found a white marble altar of Elyvilon.
  2447 | D:4      | Became a worshipper of Elyvilon the Healer
  2474 | D:4      | Killed an ogre
  2479 | D:4      | Reached XP level 6. HP: 5/46 MP: 0/10
  2629 | D:4      | Killed a phantom
  2629 | D:4      | Reached skill level 5 in Poison Magic
  2702 | D:4      | Slain by a scorpion

Levels and vault maps discovered:
D:1:      minmay_arrival_radiant_lines, layout_rooms
D:2:      layout_basic, nicolae_ru_sacrificial_ziggurat
D:3:      layout_basic, gammafunk_ghost_stat_death,
          hangedman_decor_clover_reticule
D:4:      layout_cave_pools, kennysheep_ying_yang, gup_sewer_entry_pipe,
          first_ration

Skill      XL: |  1  2  3  4  5  6 |
---------------+-------------------+-----
Conjurations   | 1 2 |  2.0
Dodging        | 3 |  3.9
Poison Magic   | 4 5 |  5.1
Fighting       | 1 2 3 |  3.2
Spellcasting   | 3 |  3.1
Stealth        | |  2.1

Action                   |  1- 3 |  4- 6 || total
-------------------------+-------+-------++-------
Melee: Unarmed           |    43 |       ||    43
       Dagger            |    12 |   127 ||   139
Throw: Javelin           |       |     4 ||     4
 Cast: Sting             |    54 |    43 ||    97
       Poisonous Vapours |     7 |    15 ||    22
       Mephitic Cloud    |     1 |     2 ||     3
  Use: Scroll            |       |     7 ||     7
       Potion            |       |     3 ||     3
 Stab: Confused          |     1 |       ||     1
  Eat: Chunk             |     2 |     7 ||     9
Armor: Robe              |    14 |    22 ||    36
Dodge: Dodged            |    47 |   116 ||   163
